 Dungeon Crawl Stone Soup version 0.24.1 (webtiles) character file.

Game seed: 2879851863032954085, levelgen mode: deterministic

246 Destapler the Charmwright (level 6, -5/44 HPs)
             Began as a Halfling Skald on Mar 27, 2020.
             Slain by a crocodile (7 damage)
             ... in a sewer.
             The game lasted 00:12:36 (2632 turns).

Destapler the Charmwright (Halfling Skald)          Turns: 2632, Time: 00:12:36

Health: -5/44      AC:  4    Str: 12    XL:     6   Next: 33%
Magic:  6/8        EV: 15    Int: 12    God:
Gold:   53         SH:  0    Dex: 15    Spells: 1/8 levels left

rFire    . . .     SeeInvis .   a - +1 dagger (elec)
rCold    + . .     Gourm    .   (shield restricted)
rNeg     . . .     Faith    .   q - +2 robe {rC+}
rPois    .         Spirit   .   (no helmet)
rElec    .         Reflect  .   (no cloak)
rCorr    +         Harm     .   (no gloves)
MR       .....                  (no boots)
Stlth    +.........             (no amulet)
HPRegen  0.14/turn              i - ring of resist corrosion
MPRegen  0.11/turn              (no ring)

@: no status effects
A: small, mutation resistance 1
a: no special abilities


You were in a sewer.
You were not hungry.

You visited 1 branch of the dungeon, and saw 3 of its levels.
You also visited: Sewer.

You collected 53 gold pieces.

Inventory:

Hand Weapons
 a - a +1 dagger of electrocution (weapon)
Missiles
 e - 53 stones (quivered)
 n - 11 poisoned darts
Armour
 b - a +1 leather armour
 q - a +2 robe of cold resistance (worn)
Jewellery
 i - a ring of resist corrosion (left hand)
Wands
 l - a wand of iceblast (7)
 r - a wand of digging (1)
Scrolls
 f - 3 scrolls of remove curse
 j - 3 scrolls of teleportation
 s - a scroll of random uselessness {unknown}
 t - 2 scrolls of blinking
Potions
 g - a potion of degeneration {unknown}
 h - a potion of invisibility {unknown}
 k - a potion of curing {unknown}
 m - a potion of might {unknown}
 o - 2 potions of flight
 p - a potion of cancellation {unknown}
Comestibles
 c - a chunk of flesh
 d - 6 rations


   Skills:
 + Level 4.3 Fighting
 - Level 2.4 Short Blades
 - Level 1.1 Armour
 - Level 2.1 Dodging
 - Level 1.5 Spellcasting
 + Level 4.5 Charms
 - Level 2.0 Necromancy


You had one spell level left.
You knew the following spells:

 Your Spells              Type           Power        Failure   Level  Hunger
a - Infusion              Chrm           ##..         4%          1    ##.....
r - Regeneration          Chrm/Necr      #.........   22%         3    ####...
s - Spectral Weapon       Hex/Chrm       #.......     34%         3    ####...

Your spell library contained the following spells:

 Spells                   Type           Power        Failure   Level  Hunger
 Song of Slaying          Chrm           ##......     7%          2    ###....
 Shroud of Golubria       Chrm/Tloc      #.....       17%         2    ###....


Dungeon Overview and Level Annotations

Branches:
Dungeon (3/15)              Sewer (1/1)

Altars:
Fedhas
Makhleb
Yredelemnul


Innate Abilities, Weirdness & Mutations

You are small and have problems with some larger weapons.
You are somewhat resistant to further mutation.


Message History

The crocodile is severely wounded.
Your spectral weapon hits the crocodile but does no damage.
The crocodile bites your spectral weapon!
Your spectral weapon shares its damage with you!
Your spectral weapon fades away.
You hit the crocodile but do no damage.
The crocodile is severely wounded.
The crocodile bites you!!
* * * LOW HITPOINT WARNING * * *
You closely miss the crocodile.
The crocodile is severely wounded.
The crocodile bites you!
* * * LOW HITPOINT WARNING * * *
You barely miss the crocodile.
The crocodile is severely wounded.
Unknown command.
You hit the crocodile.
The crocodile is severely wounded.
The crocodile bites you!
You die...

## ## #
#?)#. [
?.#.#≈
#..≈#
##≈≈.##
#.≈.t≈#
#..≈@.##
#...#≈..#
#..
##≈.##
#.. #.≈.#
#≈ ##..#
# #≈.#
#.. #≈.#
#≈.#
##.≈#
#.≈≈
#...#


You could see a crocodile.

Vanquished Creatures
  A bullfrog (D:3)
  Natasha (thrice) (D:2)
  An adder (D:2)
  A river rat (D:3)
  2 worms (D:3)
  3 dart slugs (D:3)
  3 leopard geckos
  2 orcs (D:3)
  5 giant cockroaches
  8 goblins
  9 hobgoblins
  5 jackals
  6 kobolds
  A quokka (D:2)
  3 ball pythons (D:3)
  14 bats
  A frilled lizard (D:2)
  9 rats
77 creatures vanquished.

Vanquished Creatures (others)
  A spectral weapon (Sewer)
1 creature vanquished.

Grand Total: 78 creatures vanquished

Notes
Turn   | Place    | Note
-------+----------+-------------------------------------------
     0 | D:1      | Destapler the Halfling Skald began the quest for the Orb.
     0 | D:1      | Reached XP level 1. HP: 14/14 MP: 3/3
     1 | D:1      | Found a basalt altar of Yredelemnul.
    41 | D:1      | Reached XP level 2. HP: 16/20 MP: 4/4
   563 | D:1      | Reached XP level 3. HP: 25/25 MP: 5/5
  1236 | D:2      | Learned a level 3 spell: Regeneration
  1314 | D:2      | Noticed Natasha
  1323 | D:2      | Killed Natasha
  1323 | D:2      | Reached XP level 4. HP: 10/32 MP: 0/6
  1439 | D:2      | Noticed Natasha
  1447 | D:2      | Killed Natasha
  1447 | D:2      | Reached skill level 1 in Necromancy
  1561 | D:2      | Reached XP level 5. HP: 33/37 MP: 7/7
  1673 | D:2      | Noticed Natasha
  1688 | D:2      | Killed Natasha
  1808 | D:2      | Found a burning altar of Makhleb.
  1808 | D:2      | Noticed a green death
  1862 | D:2      | Found a blossoming altar of Fedhas.
  2218 | D:3      | Noticed a bullfrog
  2223 | D:3      | Killed a bullfrog
  2223 | D:3      | Reached XP level 6. HP: 35/43 MP: 0/8
  2327 | D:3      | Found a glowing drain.
  2361 | Sewer    | Entered a sewer
  2623 | Sewer    | Learned a level 3 spell: Spectral Weapon
  2630 | Sewer    | HP: 1/44 [crocodile (17)]
  2632 | Sewer    | Slain by a crocodile

Levels and vault maps discovered:
D:1:      sevenhm_arrival_forest_fort_small_6, layout_loops_ring,
          roderic_lattice_a, minmay_hexomino_u4
D:2:      layout_rooms, makhleb_altar_promises_db, first_ration,
          fedhas_altar_fruit_tree, uniq_natasha
D:3:      layout_loops_ring, nicolae_ru_the_path_less_chosen,
          portal_sewer_entry_e, ebering_ghost_reflecting_pool
Sewer:    sewer_the_crocodile

Skill      XL: |  1  2  3  4  5 |
---------------+----------------+-----
Fighting       | 2 3 4 |  4.3
Necromancy     | 1 2 |  2.0
Charms         | 4 |  4.5
Short Blades   | |  2.4
Armour         | |  1.1
Dodging        | |  2.1
Spellcasting   | |  1.5

Action                   |  1- 3 |  4- 6 || total
-------------------------+-------+-------++-------
Melee: Short sword       |   128 |   167 ||   295
       Dagger            |       |     5 ||     5
 Cast: Infusion          |     3 |    10 ||    13
       Regeneration      |       |     1 ||     1
       Spectral Weapon   |       |     1 ||     1
  Use: Scroll            |       |     6 ||     6
 Stab: Sleeping          |       |     1 ||     1
  Eat: Chunk             |     1 |     6 ||     7
Armor: Leather armour    |    27 |     8 ||    35
       Robe              |       |    29 ||    29
Dodge: Dodged            |   110 |   158 ||   268
